 Dungeon Crawl Stone Soup version 0.29-a0-1033-gb6c65ffae6 (webtiles) character file.

Game seed: 10747256243972857550

3447 xite the Grappler (level 9, -1/139 HPs)
             Began as a Troll Berserker on Aug 14, 2022.
             Was a Priest of Trog.
             Slain by a hound (3 damage)
             ... on level 7 of the Dungeon.
             The game lasted 00:20:22 (5335 turns).

xite the Grappler (Troll Berserker)                 Turns: 5335, Time: 00:20:23

Health: -1/139     AC:  6    Str: 31    XL:     9   Next: 77%
Magic:  8/8        EV: 10    Int:  3    God:    Trog [***...]
Gold:   364        SH:  0    Dex:  9    Spells: 8/8 levels left

rFire   . . .      SeeInvis .     - Unarmed
rCold   . . .      Faith    .   (no shield)
rNeg    . . .      Spirit   .   F - +2 robe {Will+}
rPois   .          Reflect  .   (helmet restricted)
rElec   .          Harm     .   (no cloak)
rCorr   .          Rampage  .   (gloves unavailable)
Will    +++..                   (boots unavailable)
Stlth   ..........              (no amulet)
HPRegen 2.13/turn               (no ring)
MPRegen 0.11/turn               (no ring)

@: berserking (expiring), strong-willed, regenerating, very quick
A: large, unfitting armour, claws 3, regeneration 1, shaggy fur 1, tough skin 1
a: Renounce Religion, Berserk, Trog's Hand


You were on level 7 of the Dungeon.
You worshipped Trog.
Trog was most pleased with you.
You visited 1 branch of the dungeon, and saw 7 of its levels.

You collected 364 gold pieces.

Inventory:

Hand Weapons
 E - a +2 whip of flaming
 I - a +0 scimitar of flaming
Missiles
 g - 56 stones (quivered)
 G - a throwing net
Armour
 a - a +0 animal skin
 F - a +2 robe of willpower (worn)
 J - +0 steam dragon scales
Jewellery
 j - a ring of resist corrosion
Wands
 D - a wand of flame (15)
Scrolls
 b - a scroll of blinking {unknown}
 d - a scroll of enchant weapon {unknown}
 i - 2 scrolls of immolation {unknown}
 l - a scroll of teleportation {unknown}
 n - 2 scrolls of poison {unknown}
 o - 7 scrolls of identify {unknown}
 p - a scroll of fear {unknown}
 r - a scroll of silence {unknown}
 s - a scroll of brand weapon {unknown}
 t - a scroll of butterflies {unknown}
 y - 2 scrolls of vulnerability {unknown}
 z - 2 scrolls of amnesia {unknown}
 A - a scroll of summoning {unknown}
 B - a scroll of acquirement {unknown}
 C - a scroll of magic mapping {unknown}
 H - a scroll of enchant armour {unknown}
Potions
 c - 4 potions of heal wounds {unknown}
 e - a potion of mutation {unknown}
 f - 3 potions of haste {unknown}
 h - 3 potions of magic {unknown}
 k - 3 potions of brilliance {unknown}
 m - 2 potions of curing
 q - 2 potions of degeneration {unknown}
 u - 3 potions of ambrosia {unknown}
 v - a potion of attraction {unknown}
 w - a potion of lignification {unknown}
 x - a potion of cancellation {unknown}


   Skills:
 + Level 7.2 Fighting
 + Level 7.1 Throwing
 - Level 2.7 Dodging
 - Level 0.1 Stealth
 + Level 8.7 Unarmed Combat


You had 8 spell levels left.
You didn't know any spells.
Your spell library was empty.

Dungeon Overview and Level Annotations

Branches:
Dungeon (7/15)             Temple (0/1) D:6

Altars:
Ru
Trog
Zin

Shops:
D:2 :


Innate Abilities, Weirdness & Mutations

You are too large for most types of armour.
You have claws for hands.
Your natural rate of healing is unusually fast.
You are covered in fur. (AC +1)
You have tough skin. (AC +1)


Message History

You claw the skeletal warrior! You claw the skeletal warrior!!
The skeletal warrior is almost destroyed.
The hound bites you.
You closely miss the skeletal warrior.
The skeletal warrior is almost destroyed.
The skeletal warrior hits you with a +0 long sword!
* * * LOW HITPOINT WARNING * * *
The hound bites you.
* * * LOW HITPOINT WARNING * * *
You closely miss the skeletal warrior.
The skeletal warrior is almost destroyed.
The hound misses you.
You scratch the skeletal warrior.
The skeletal warrior is almost destroyed.
The skeletal warrior hits you with a +0 long sword!
* * * LOW HITPOINT WARNING * * *
You closely miss the skeletal warrior.
The skeletal warrior is almost destroyed.
The hound bites you but does no damage.
The skeletal warrior hits you with a +0 long sword!
* * * LOW HITPOINT WARNING * * *
You scratch the skeletal warrior.
The skeletal warrior is almost destroyed.
The hound bites you but does no damage.
You scratch the skeletal warrior but do no damage.
The skeletal warrior is almost destroyed.
The hound misses you.
The skeletal warrior completely misses you.
You are too berserk!
You completely miss the skeletal warrior.
The skeletal warrior is almost destroyed.
You closely miss the skeletal warrior.
The skeletal warrior is almost destroyed.
The hound closely misses you.
The skeletal warrior hits you with a +0 long sword.
* * * LOW HITPOINT WARNING * * *
You barely miss the skeletal warrior.
The skeletal warrior is almost destroyed.
The hound bites you.
You die...

.....
♣....♣♣
.....
♣..♣♣..♣♣
..... .#
♣..♣ ♣♣..♣♣
..... #..
♣..♣ ♣♣..♣♣
.....
)..##♣♣..
♣♣..♣♣##.#
..... .$..♣♣
♣♣.....#
###.. #..♣♣
♣♣..♣##.# ..
♣.h♣♣ #♣..♣♣
♣♣z@♣♣
#♣..♣♣
♣♣..♣♣♣♣..♣♣
♣♣..♣♣..♣♣
♣♣....♣♣
♣♣..♣♣ #♣.♣
...♣ ..#...
♣♣# #♣♣♣


You could see a skeletal warrior and a hound.

Vanquished Creatures
  Pikel (D:5)
  Maggie (D:7)
  Prince Ribbit (D:6)
  A slime creature (D:7)
  Eustachio (D:6)
  A vampire mosquito (D:7)
  Menkaure (D:5)
  Duvessa (D:4)
  An ice beast (D:6)
  A black bear (D:6)
  2 ogres (D:5)
  A centaur (D:5)
  A phantom (D:6)
  A necrophage (D:5)
  4 scorpions
  2 bullfrogs (D:7)
  Dowan (D:4)
  A howler monkey (D:4)
  A jelly (D:5)
  3 hounds
  5 orc priests
  6 iguanas
  8 orc wizards
  2 gnolls (D:4)
  8 adders
  2 shadow imps (D:5)
  A white imp (D:6)
  An ufetubus (D:5)
  2 dart slugs
  18 orcs
  5 bats
  3 endoplasms
  8 giant cockroaches
  5 goblins
  10 hobgoblins
  6 jackals
  4 quokkas
  3 ball pythons
  A frilled lizard (D:3)
  8 kobolds
  5 rats
138 creatures vanquished.

Vanquished Creatures (others)
  An orc wizard (D:5)
  4 plants (D:7)
5 creatures vanquished.

Grand Total: 143 creatures vanquished

Notes
Turn   | Place    | Note
-------+----------+-------------------------------------------
     0 | D:1      | xite the Troll Berserker began the quest for the Orb.
     0 | D:1      | Reached XP level 1. HP: 22/22 MP: 0/0
   230 | D:1      | Reached XP level 2. HP: 25/29 MP: 1/1
   757 | D:2      | Found a faded altar of an unknown god.
   824 | D:2      | Reached XP level 3. HP: 36/36 MP: 2/2
   839 | D:2      | Reached ** piety under Trog
  1303 | D:2      | Found a sacrificial altar of Ru.
  1305 | D:2      | Found Viocsy's Book Shop.
  1457 | D:3      | Reached XP level 4. HP: 45/45 MP: 3/3
  1475 | D:3      | Reached skill level 1 in Throwing
  2251 | D:4      | Reached skill level 4 in Unarmed Combat
  2264 | D:4      | Reached XP level 5. HP: 32/53 MP: 4/4
  2517 | D:4      | Found a glowing silver altar of Zin.
  2662 | D:4      | Reached *** piety under Trog
  2663 | D:4      | Reached XP level 6. HP: 38/62 MP: 5/5
  2800 | D:4      | Noticed Duvessa
  2800 | D:4      | Noticed Dowan
  2808 | D:4      | Killed Duvessa
  2821 | D:4      | Killed Dowan
  2822 | D:4      | Reached skill level 5 in Unarmed Combat
  3417 | D:5      | Entered Level 5 of the Dungeon
  3425 | D:5      | Found a bloodstained altar of Trog.
  3458 | D:5      | Reached XP level 7. HP: 59/71 MP: 6/6
  3713 | D:5      | Noticed Menkaure
  3720 | D:5      | Killed Menkaure
  3868 | D:5      | Reached skill level 6 in Unarmed Combat
  3936 | D:5      | Reached skill level 5 in Fighting
  3991 | D:5      | Reached XP level 8. HP: 80/80 MP: 7/7
  4437 | D:6      | Noticed Pikel
  4439 | D:6      | Reached skill level 5 in Throwing
  4512 | D:5      | Killed Pikel
  4513 | D:5      | Reached skill level 7 in Unarmed Combat
  4597 | D:6      | Noticed Prince Ribbit
  4601 | D:6      | Reached **** piety under Trog
  4602 | D:6      | Reached XP level 9. HP: 80/89 MP: 8/8
  4622 | D:6      | Killed Prince Ribbit
  4832 | D:6      | Noticed Eustachio
  4837 | D:6      | Killed Eustachio
  4934 | D:6      | Reached skill level 8 in Unarmed Combat
  5011 | D:6      | Found a staircase to the Ecumenical Temple.
  5115 | D:7      | Noticed Maggie
  5127 | D:7      | Killed Maggie
  5305 | D:7      | Noticed a skeletal warrior
  5330 | D:7      | HP: 2/139 [skeletal warrior/+0 long sword (17)]
  5335 | D:7      | Slain by a hound

Illustrated notes

Levels and vault maps discovered:
D:1:      lemuel_arrival_rhombus, layout_loops_ring
D:2:      layout_basic, serial_shops, nicolae_shop_trees, basic_altar,
          hellmonk_ecumenical_altar_run_dry
D:3:      layout_basic, minmay_misc_feat_diagonals,
          chequers_serial_rivers_small_3, chequers_serial_rivers_room_a
D:4:      layout_loops_corners, zin_scriptorium, serial_co_window_serial,
          co_window_paths_a, co_window_paths_b, co_window_cross_1,
          co_window_of_opportunity_a, co_window_cross_1, co_window_paths_a,
          co_window_of_opportunity_a, co_window_unsneaky_path_d,
          co_window_unsneaky_path_e, co_window_of_opportunity_c,
          co_window_corner_b, co_window_unsneaky_path_b,
          co_window_unsneaky_path_d, glass_columns_c, glass_columns_a,
          glass_columns_b, minmay_misc_feat_enclosed, uniq_duvessa
D:5:      layout_basic, trog_three_pillars_becter, gup_sewer_entry_pipe,
          st_stairs_5, kennysheep_diamond, skrybe_limestone_x,
          hangedman_glass_teeth, uniq_menkaure
D:6:      layout_rooms, minmay_temple_entry_butterflies,
          chequers_serial_rivers_marsh, uniq_pikel, uniq_eustachio,
          uniq_prince_ribbit1
D:7:      nzn_winding_woodlands_large [nzn_winding_woodlands_5x5_perimeter,
          nzn_winding_woodlands_5x15_twine,
          nzn_winding_woodlands_5x5_checkerboard,
          nzn_winding_woodlands_center_diamonds,
          nzn_winding_woodlands_15x15_thick_spiral,
          nzn_winding_woodlands_center_pierced_h,
          nzn_winding_woodlands_5x5_closed_star,
          nzn_winding_woodlands_5x15_garden, nzn_winding_woodlands_5x5_default],
          layout_gridville, kennysheep_windowed_goal, uniq_joseph, uniq_maggie

Skill      XL: |  1  2  3  4  5  6  7  8  9 |
---------------+----------------------------+-----
Fighting       | 3 4 5 6 7 |  7.2
Throwing       | 1 2 3 4 5 7 |  7.1
Unarmed Combat | 4 5 6 7 8 |  8.7
Dodging        | |  2.7
Stealth        | |  0.1

Action                   |  1- 3 |  4- 6 |  7- 9 || total
-------------------------+-------+-------+-------++-------
Melee: Unarmed           |    90 |   138 |   230 ||   458
       Punch             |     3 |     3 |     7 ||    13
Invok: Berserk           |       |     1 |     4 ||     5
       Trog's Hand       |       |       |     4 ||     4
 Stab: Sleeping          |     1 |       |       ||     1
Armor: Animal skin       |    33 |    48 |    26 ||   107
       Robe              |       |       |    27 ||    27
Dodge: Dodged            |    53 |    38 |    97 ||   188

Table legend: (Time is in decaauts)
 A = Elapsed time spent in this place.
 B = Non-inter-level travel time spent in this place.
 C = Inter-level travel time spent in this place.
 D = Time resting spent in this place.
 E = Time spent auto-exploring this place.
 F = Levels seen in this place.
 G = Mean time per level.
                   A        B        C        D        E       F      G
               +--------+--------+--------+--------+--------+-----+--------+
         Total |   5341 |   5254 |     87 |    274 |   3917 |   7 |  763.0 |
       Dungeon |   5341 |   5254 |     87 |    274 |   3917 |   7 |  763.0 |
               +--------+--------+--------+--------+--------+-----+--------+

Top non-repeatable levels by time:
     D:4: 1269 daAuts
     D:5: 1222 daAuts
     D:3: 753 daAuts
     D:1: 749 daAuts
     D:2: 639 daAuts
     D:6: 469 daAuts
     D:7: 238 daAuts
